AoeStats
← hirax34

Arena

510379670Analyzed
4v4 RM · 22h ago on Sep 30, 2026· 40m 14s· 8 players
Game mode
Random Map
Map size
Large (8 player)
Population
200
Speed
Normal
Resources
Standard
Victory
Conquest
Starting age
Dark Age
Ending age
Imperial Age
RankedLock teamsTeams togetherTeam positionsShared explorationLock speedFull tech treeHidden civsTurbo modeCheats
Victory
Defeat
🇫🇷 Turks · France
1327
+12
🇬🇧 Cumans · United Kingdom
1304
+13
🇹🇷 Bohemians · Türkiye
1293
+13
1275
+14
🇪🇸 Huns · Spain
1238
-13
🇪🇸 Italians · Spain
1231
-13
🇪🇸 Burgundians · Spain
1231
-13
🇪🇸 Goths · Spain
1230
-13
Сергей Петрович
11:01 Feudal Age
13:19 Wheelbarrow
15:36 Castle Age
14:17 Double-Bit Axe
15:43 Loom
17:26 Stone Mining
20:41 Scale Barding Armor
20:46 Horse Collar
27:18 Imperial Age
25:19 Forging
27:09 Iron Casting
27:18 Chain Barding Armor
34:16 Imperial Age
32:58 Husbandry
33:15 Bimaristan
33:21 Bimaristan
33:32 Bloodlines
33:24 Fletching
37:09 Plate Barding Armor
37:35 Blast Furnace
37:01 Conscription
37:08 Bimaristan
36:37 Elite Mameluke
39:04 Gold Mining
zeeena
9:52 Feudal Age
8:09 Loom
10:18 Double-Bit Axe
10:39 Horse Collar
20:26 Castle Age
19:27 Wheelbarrow
18:38 Town Watch
20:48 Gold Mining
20:50 Stone Mining
21:18 Heavy Plow
21:35 Bow Saw
22:38 Gold Shaft Mining
24:57 Hand Cart
27:23 Imperial Age
26:42 Forging
26:33 Scale Mail Armor
26:42 Scale Barding Armor
27:59 Iron Casting
27:36 Cavalier
28:27 Bloodlines
28:40 Chain Barding Armor
29:09 Paladin
30:43 Crop Rotation
31:18 Two-Man Saw
34:46 Blast Furnace
34:22 Plate Barding Armor
Adrien
13:19 Feudal Age
13:54 Horse Collar
14:02 Double-Bit Axe
16:53 Castle Age
14:56 Gold Mining
21:30 Imperial Age
33:17 Redemption
hirax34
10:07 Feudal Age
9:37 Loom
14:03 Castle Age
12:30 Double-Bit Axe
25:40 Horse Collar
26:13 Bow Saw
31:18 Wheelbarrow
37:53 Imperial Age
36:20 Hand Cart
38:30 Chemistry
38:26 Heavy Plow
39:41 Houfnice
Osorkon
10:55 Feudal Age
15:45 Castle Age
18:13 Coinage
18:35 Wheelbarrow
20:29 Double-Bit Axe
27:32 Horse Collar
32:10 Fortified Wall
32:12 Masonry
argantonio65
1:26 Loom
12:03 Feudal Age
16:36 Castle Age
15:47 Double-Bit Axe
16:09 Horse Collar
18:40 Fletching
21:01 Scale Mail Armor
21:11 Forging
24:54 Imperial Age
22:57 Forging
26:06 Squires
26:24 Chain Mail Armor
Artema2525
12:15 Feudal Age
16:51 Castle Age
15:17 Fletching
16:47 Double-Bit Axe
28:25 Husbandry
28:36 Bloodlines
28:23 Horse Collar
34:39 Imperial Age
Aurelius
10:41 Feudal Age
11:38 Horse Collar
11:45 Double-Bit Axe
18:38 Castle Age
17:37 Gold Mining
19:35 Heavy Plow
19:49 Bow Saw
20:10 Stone Mining
20:39 Bloodlines
20:30 Husbandry
21:41 Scale Barding Armor
25:27 Wheelbarrow
26:38 Hand Cart
29:47 Chain Barding Armor
34:44 Imperial Age
32:59 Marauders
33:12 Forging
34:47 Iron Casting
35:45 Elite Tarkan
37:51 Plate Barding Armor
38:48 Blast Furnace
39:11 Conscription
Connection lost

Rejoining the realm…

Still unreachable

The connection could not be restored.

Session expired

The server has moved on; the page needs a fresh start.